 Dungeon Sprint DCSS version 0.22-a0-482-g76e0a5f51a (webtiles) character file.

7707 Fallony the Trollish Aeon (level 11, -19/113 HPs)
             Began as a Troll Monk on June 17, 2018.
             Was the Champion of Cheibriados.
             Demolished by an orc warrior
             ... wielding a +0 glaive
              (45 damage)
             ... in the Dungeon (Sprint IX: "|||||||||||||||||||||||||||||").
             The game lasted 00:02:34 (961 turns).

Fallony the Trollish Aeon (Troll Monk)               Turns: 961, Time: 00:02:35

Health: -19/113    AC:  6    Str: 39    XL:     11   Next: 0%
Magic:  16/21      EV: 19    Int: 21    God:    Cheibriados [******]
Gold:   684        SH:  0    Dex: 27    Spells: 10/10 levels left

rFire    . . .     SeeInvis .   o - +2 morningstar (crush)
rCold    . . .     Gourm    +   (no shield)
rNeg     . . .     Faith    .   b - +0 robe
rPois    .         Spirit   .   (helmet restricted)
rElec    .         Reflect  .   w - +0 cloak
rCorr    .         Harm     .   (gloves unavailable)
MR       .....     NoTele   +   (boots unavailable)
Stlth    ++........             (no amulet)
HPRegen  0.68/turn              (no ring)
MPRegen  0.17/turn              (no ring)

@: very slow
A: large, unfitting armour, claws 3, fast metabolism 3, gourmand, regeneration
1, shaggy fur 1, tough skin 2
a: Bend Time, Temporal Distortion, Slouch, Step From Time, Renounce Religion


You were in the Dungeon.
You worshipped Cheibriados.
Cheibriados was exalted by your worship.
You were completely stuffed.

You visited 1 branch You collected 684 gold pieces.

Inventory:

Hand Weapons
 a - a +0 mace
 o - a +2 morningstar of crushing (weapon)
Armour
 b - a +0 robe (worn)
 w - a +0 cloak (worn)
Jewellery
 p - a +3 ring of intelligence
 q - a +3 ring of strength
Scrolls
 i - 2 scrolls of blinking
 l - 3 scrolls of remove curse
 m - 2 scrolls of amnesia
 s - 2 scrolls of identify
 t - 2 scrolls of enchant weapon
 u - a scroll of fear
 v - 2 scrolls of fog
Potions
 d - 6 potions of curing
 e - 4 potions of heal wounds
 f - 2 potions of haste
 g - 3 potions of magic
 h - a potion of berserk rage
 j - a potion of mutation
 k - a potion of invisibility
 r - a potion of brilliance
Comestibles
 c - 12 rations
 n - 5 chunks of flesh


   Skills:
 + Level 8.7 Fighting
 + Level 13.9 Maces & Flails
 + Level 9.1 Dodging
 - Level 1.0 Stealth
 + Level 15.0 Invocations


You had 10 spell levels left.
You didn't know any spells.
Your spell library was empty.

Dungeon Overview and Level Annotations

Branches:
Dungeon (1/1)

Altars:
Cheibriados
Dithmenos
Elyvilon
Fedhas
Gozag
Hepliaklqana
Kikubaaqudgha
Makhleb
Nemelex Xobeh
Okawaru
Qazlal
Ru
Sif Muna
Trog
Uskayaw
Vehumet
Wu Jian
Xom
Yredelemnul
Zin
The Shining One
Beogh
Jiyva
Lugonu


Innate Abilities, Weirdness & Mutations

You are too large for most types of armour.
You have claws for hands.
Your metabolism is lightning-fast.
You like to eat raw meat.
Your natural rate of healing is unusually fast.
You are covered in fur. (AC +1)
You have very tough skin. (AC +2)


Message History

An orc sorcerer comes into view. It is wielding a dagger.
The orc warrior shouts!
The orc knight shouts!
The orc warrior shouts! x3
The orc warrior barely misses you.
The orc knight roars a battlecry!
The orcs go into a battle-frenzy!
The orc sorcerer picks up some gold.
The orc knight hits you with a bardiche!!!
The orc warrior hits you from afar with a glaive!
The orc shouts!
The orc sorcerer shouts!
You hear a shout! x2
There is an open door, spattered with blood here.
Unknown command.
You can feel time thicken for a moment.
You kill the orc!
Cheibriados thoroughly appreciates the change of pace.
You feel somewhat less full.
An orc warrior comes into view. It is wielding a long sword.
The orc knight hits you with a bardiche!!!
* * * LOW HITPOINT WARNING * * *
The orc warrior hits you from afar with a glaive!!!
You die...

▓▓▓▓▓▓▓▓▓▓▓▓▓▓▓▓▓▓▓▓▓▓▓▓
ooooooo@.....[[))))[)'..
▓▓▓▓▓▓▓▓▓▓▓▓▓▓▓▓▓▓▓▓▓▓▓▓▓▓▓▓▓▓▓▓▓
.................................
▓▓▓▓▓▓▓▓▓▓▓▓▓▓▓▓▓▓▓▓▓▓▓▓▓▓▓▓▓▓▓▓▓
..†....÷÷†††'...÷÷.†.†'......)...
▓▓▓▓▓▓▓▓▓▓▓▓▓▓▓▓▓▓▓▓▓▓▓▓▓▓▓▓▓▓▓▓▓
.................................
▓▓▓▓▓▓▓▓▓▓▓▓▓▓▓▓▓▓▓▓▓▓▓▓▓▓▓▓▓▓▓▓▓
..'________________________'.....


You could see an orc knight, an orc sorcerer and 5 orc warriors.

Vanquished Creatures
  4 hydras (D)
  An orc knight (D)
  A black mamba (D)
  A rime drake (D)
  A spiny frog (D)
  2 komodo dragons (D)
  3 trolls (D)
  A slime creature (D)
  A hippogriff (D)
  A wraith (D)
  A wyvern (D)
  2 yaks (D)
  2 wargs (D)
  A porcupine (D)
  2 hell hounds (D)
  3 water moccasins (D)
  4 wolves (D)
  A centaur (D)
  A crocodile (D)
  3 bullfrogs (D)
  2 orc priests (D)
  3 orc wizards (D)
  A dart slug (D)
  11 orcs (D)
  A bat skeleton (D)
  2 goblins (D)
  A hobgoblin (D)
  2 frilled lizards (D)
  A giant cockroach zombie (D)
  A jackal zombie (D)
  A rat (D)
62 creatures vanquished.

Vanquished Creatures (others)
  A spatial maelstrom (D)
1 creature vanquished.

Grand Total: 63 creatures vanquished

Notes
Turn   | Place    | Note
-------+----------+-------------------------------------------
     0 | D        | Fallony the Troll Monk began the quest for the Orb.
     0 | D        | Reached XP level 1. HP: 22/22 MP: 0/0
    22 | D        | Banished a spatial maelstrom
    44 | D        | Reached XP level 2. HP: 29/29 MP: 1/1
    59 | D        | Reached skill level 5 in Maces & Flails
   185 | D        | Found a roughly hewn altar of Beogh.
   185 | D        | Found a snail-covered altar of Cheibriados.
   185 | D        | Found a shadowy altar of Dithmenos.
   185 | D        | Found a white marble altar of Elyvilon.
   185 | D        | Found a blossoming altar of Fedhas.
   185 | D        | Found an opulent altar of Gozag.
   186 | D        | Found a hazy altar of Hepliaklqana.
   187 | D        | Found a viscous altar of Jiyva.
   188 | D        | Found an ancient bone altar of Kikubaaqudgha.
   189 | D        | Became a worshipper of Cheibriados the Contemplative
   189 | D        | Reached * piety under Cheibriados
   189 | D        | Reached ** piety under Cheibriados
   190 | D        | Found a corrupted altar of Lugonu.
   191 | D        | Found a burning altar of Makhleb.
   192 | D        | Found a sparkling altar of Nemelex Xobeh.
   193 | D        | Found an iron altar of Okawaru.
   194 | D        | Found a stormy altar of Qazlal.
   195 | D        | Found a sacrificial altar of Ru.
   196 | D        | Found a deep blue altar of Sif Muna.
   197 | D        | Found a bloodstained altar of Trog.
   198 | D        | Found a hide-covered altar of Uskayaw.
   199 | D        | Found a radiant altar of Vehumet.
   200 | D        | Found an ornate altar of the Wu Jian Council.
   201 | D        | Found a shimmering altar of Xom.
   202 | D        | Found a basalt altar of Yredelemnul.
   203 | D        | Found a glowing silver altar of Zin.
   204 | D        | Found a glowing golden altar of the Shining One.
   230 | D        | Noticed a wraith
   230 | D        | Noticed a wyvern
   230 | D        | Noticed a troll
   234 | D        | Reached XP level 3. HP: 4/37 MP: 2/2
   234 | D        | Reached *** piety under Cheibriados
   238 | D        | Killed a troll
   238 | D        | Reached skill level 5 in Fighting
   238 | D        | Reached skill level 5 in Dodging
   238 | D        | Reached XP level 4. HP: 27/50 MP: 3/3
   238 | D        | Reached XP level 5. HP: 31/57 MP: 4/4
   238 | D        | Killed a wyvern
   238 | D        | Reached XP level 6. HP: 36/67 MP: 5/5
   238 | D        | Killed a wraith
   238 | D        | Reached **** piety under Cheibriados
   238 | D        | Reached skill level 10 in Maces & Flails
   238 | D        | Reached XP level 7. HP: 41/76 MP: 6/6
   296 | D        | Noticed a troll
   296 | D        | Noticed a slime creature
   296 | D        | Noticed a yak
   296 | D        | Noticed a troll
   301 | D        | Reached skill level 1 in Invocations
   302 | D        | Reached ***** piety under Cheibriados
   305 | D        | Killed a troll
   305 | D        | Reached skill level 3 in Invocations
   306 | D        | Killed a yak
   306 | D        | Reached XP level 8. HP: 43/87 MP: 6/9
   310 | D        | Killed a slime creature
   311 | D        | Killed a troll
   311 | D        | Reached skill level 4 in Invocations
   504 | D        | Noticed a seven-headed hydra
   504 | D        | Noticed a four-headed hydra
   504 | D        | Noticed a six-headed hydra
   507 | D        | Reached skill level 5 in Invocations
   507 | D        | Reached ****** piety under Cheibriados
   507 | D        | Reached skill level 6 in Invocations
   508 | D        | Killed a six-headed hydra
   508 | D        | Reached skill level 9 in Invocations
   508 | D        | Reached XP level 9. HP: 15/96 MP: 5/15
   510 | D        | Reached skill level 10 in Invocations
   511 | D        | Killed a four-headed hydra
   511 | D        | Reached skill level 11 in Invocations
   511 | D        | Killed a seven-headed hydra
   511 | D        | Reached skill level 13 in Invocations
   516 | D        | Noticed a black mamba
   518 | D        | Killed a black mamba
   518 | D        | Reached XP level 10. HP: 24/104 MP: 6/19
   636 | D        | Noticed a six-headed hydra
   636 | D        | Noticed a spiny frog
   640 | D        | Reached skill level 14 in Invocations
   640 | D        | Killed a spiny frog
   644 | D        | Killed a six-headed hydra
   883 | D        | Noticed an orc knight
   894 | D        | Killed an orc knight
   894 | D        | Reached skill level 15 in Invocations
   906 | D        | Reached XP level 11. HP: 72/113 MP: 19/21
   959 | D        | Noticed an orc knight
   960 | D        | Noticed an orc sorcerer
   961 | D        | Demolished by an orc warrior

Vault maps used:
D:        linesprint

Skill      XL: |  1  2  3  4  5  6  7  8  9 10 |
---------------+-------------------------------+-----
Maces & Flails | 4 5 8 9 10 11 12 13 | 13.9
Fighting       | 3 5 6 7 8 |  8.7
Dodging        | 3 5 6 7 8 9 |  9.1
Invocations    | 3 9 13 15 | 15.0
Stealth        | |  1.0

Action                   |  1- 3 |  4- 6 |  7- 9 | 10-12 || total
-------------------------+-------+-------+-------+-------++-------
Melee: Mace              |    34 |       |       |       ||    34
       Morningstar       |     1 |       |    12 |    40 ||    53
Invok: Slouch            |       |       |     4 |     7 ||    11
Evoke: Wand              |     4 |       |     6 |       ||    10
  Use: Potion            |     1 |       |     1 |       ||     2
 Stab: Sleeping          |     1 |       |       |     1 ||     2
  Eat: Chunk             |     7 |       |     2 |     4 ||    13
Armor: Robe              |    12 |       |     4 |     6 ||    22
Dodge: Dodged            |    23 |       |    11 |    37 ||    71

Table legend:
 A = Spawn XP
 B = Non-spawn XP
 C = Spawn XP percentage of total XP
 D = Spawn monster count
 E = Non-spawn monster count
 F = Spawn count percentage of total count
 G = Total turns spent on level
                    A         B        C        D         E        F      G
               +---------+---------+-------+---------+---------+-------+---------
         Total |       0 |   11010 |   0.0 |       0 |      62 |   0.0 |   961
               +---------+---------+-------+---------+---------+-------+---------
             D |       0 |   11010 |   0.0 |       0 |      62 |   0.0 |   961
               +---------+---------+-------+---------+---------+-------+---------
